 Dungeon Crawl Stone Soup version 0.31-a0-506-g3d79149578 (webtiles) character file.

Game seed: 10319903201994565224

39 GordonOverkill the Sneak (level 3, -2/26 HPs)
             Began as an Octopode Delver on Aug 9, 2023.
             Slain by an orc
             ... wielding a +0 club
              (5 damage)
             ... on level 5 of the Dungeon.
             The game lasted 00:01:13 (283 turns).

GordonOverkill the Sneak (Octopode Delver)           Turns: 283, Time: 00:01:13

Health: -2/26      AC:  1    Str: 11    XL:     3   Next: 45%
Magic:  4/7        EV: 13    Int: 14    God:
Gold:   0          SH:  0    Dex: 13    Spells: 7/7 levels left

rFire   . . .        a - +0 short sword
rCold   . . .        (no shield)
rNeg    . . .        (helmet restricted)
rPois   .            (no amulet)
rElec   .            (no ring)
rCorr   .            (no ring)
SInv    .            (no ring)
Will    .....        (no ring)
Stlth   ++++         (no ring)
HPRegen 0.24/turn    (no ring)
MPRegen 0.10/turn    (no ring)
                     (no ring)

%: no passive effects
@: no status effects
A: almost no armour, amphibious, 8 rings, camouflage 1, gelatinous body 1,
(nimble swimmer 1), tentacles
a: no special abilities


You were on level 5 of the Dungeon.
You visited 1 branch of the dungeon, and saw 3 of its levels.

Inventory:

Hand Weapons
 a - a +0 short sword (weapon)
Wands
 f - a wand of digging (3)
Scrolls
 b - a scroll of fog
Potions
 e - a potion of haste


   Skills:
 - Level 3.0 Fighting
 - Level 2.0 Short Blades
 - Level 2.0 Dodging
 - Level 6.6 Stealth
 + Level 2.7 Spellcasting


You had 7 spell levels left.
You didn't know any spells.
Your spell library was empty.

Dungeon Overview and Level Annotations

Branches:
Dungeon (7/15)
 Temple: D:4-7

Altars:


Innate Abilities, Weirdness & Mutations

You cannot wear most types of armour.
You are amphibious.
You can wear up to eight rings at the same time.
Your skin changes colour to match your surroundings (Stealth+).
Your rubbery body absorbs attacks. (AC +1, EV +1)
((You are camouflaged when in or above water. (Stealth+)))
You have tentacles for arms and can constrict up to eight enemies at once.


Message History

The sleepcap is heavily damaged.
You constrict the sleepcap. The sleepcap barely misses you.
You hit the sleepcap but do no damage.
The sleepcap is severely damaged.
You constrict the sleepcap. The sleepcap misses you.
You hit the sleepcap.
The sleepcap is almost destroyed.
You constrict the sleepcap.
You destroy the sleepcap!
Your Spellcasting skill increases to level 2!
You have reached level 3!
Your experience leads to an increase in your attributes!
Increase (S)trength, (I)ntelligence, or (D)exterity?
You feel clever. x2
Unknown command.
You hit the worm. You grab the worm.
The worm is lightly wounded.
You constrict the worm. You barely miss the worm.
The worm is lightly wounded.
You constrict the worm. The worm bites you!
* * * LOW HITPOINT WARNING * * *
You hit the worm.
The worm is heavily wounded.
You constrict the worm. You hit the worm.
The worm is severely wounded.
You constrict the worm.
The orc shouts!
The worm bites you!
* * * LOW HITPOINT WARNING * * *
You hit the worm but do no damage.
The worm is severely wounded.
You constrict the worm. You hit the worm. You squeeze the worm.
You kill the worm!
You hit the orc. Your grab misses the orc. Your squeeze misses the orc.
The orc is heavily wounded.
The orc hits you with a +0 club.
You die...

##..# #..##
#..# ##..#
#..## ###..##
##.....##
##.......#
#....@...#
#....#.o....#
.....##.......#
....#
.......... ...#
#.......... ...
#.........# ..
#.........#
....
#........##
..... #......#


You could see an orc.

Vanquished Creatures
  A sleepcap (D:5)
  An adder (D:6)
  A worm (D:5)
3 creatures vanquished.

Notes
Turn   | Place    | Note
-------+----------+-------------------------------------------
     0 | D:5      | GordonOverkill the Octopode Delver began the quest for the
                  | Orb.
     0 | D:5      | Reached XP level 1. HP: 16/16 MP: 1/1
   102 | D:7      | Noticed a scorpion
   125 | D:6      | Reached skill level 1 in Spellcasting
   125 | D:6      | Reached XP level 2. HP: 21/21 MP: 1/4
   216 | D:6      | Noticed a wight
   219 | D:6      | Noticed a wight
   247 | D:5      | Noticed a sky beast
   275 | D:5      | Reached XP level 3. HP: 15/26 MP: 4/6
   283 | D:5      | Slain by an orc

Illustrated notes

Levels and vault maps discovered:
D:5:      mumra_celtic_spiral_tile, layout_cave_pods,
          mainiacjoe_overflow_surrounded_room, minmay_temple_entry_stoned_glass,
          uniq_ijyb
D:6:      layout_gridville, ebering_ghost_sewer_d, portal_sewer_entry_e,
          dilly_guarded_unrand_devastator
D:7:      layout_basic

Skill      XL: |  1  2 |
---------------+-------+-----
Spellcasting   | 1 2 |  2.7
Fighting       | |  3.0
Short Blades   | |  2.0
Dodging        | |  2.0
Stealth        | |  6.6

Action                     || total
---------------------------++-------
  Melee: Short sword       ||    17
         Tentacles         ||     6
         Constrict         ||     4
    Use: Scroll            ||     2
 Armour: Skin              ||     2
  Dodge: Dodged            ||     8

Table legend: (Time is in decaauts)
 A = Elapsed time spent in this place.
 B = Non-inter-level travel time spent in this place.
 C = Inter-level travel time spent in this place.
 D = Time resting spent in this place.
 E = Time spent auto-exploring this place.
 F = Levels seen in this place.
 G = Mean time per level.
                   A        B        C        D        E       F      G
               +--------+--------+--------+--------+--------+-----+--------+
         Total |    281 |    281 |      0 |     34 |      0 |   3 |   93.7 |
       Dungeon |    281 |    281 |      0 |     34 |      0 |   3 |   93.7 |
               +--------+--------+--------+--------+--------+-----+--------+

Top non-repeatable levels by time:
     D:6: 185 daAuts
     D:5: 94 daAuts
     D:7: 1 daAuts
